Map: Tours du crépuscule

Players

zidar

  • Race: Zerg Zerg
  • League: Silver
  • Spawn Location: 7:00

doodle - Winner!

  • Race: Protoss Protoss
  • Spawn Location: 1:00

VOD

Have the link to the VOD?

Description

Time

  • Played on: Feb. 17, 2016, 1:34 p.m.
  • Length: 13:16
Show
View Real Time Build Order
Export as new Build Order

zidar Zerg 

Build Orders: Hatch First 

Get SALT Encoding   

  12  0:01  Drone  
  13  0:12  Overlord  
  13  0:17  Drone  
  14  0:30  Drone x2  
  14  0:35  Drone  
  17  0:55  Hatchery  
  16  0:57  Drone  
  16  1:02  Extractor  
  16  1:22  Spawning Pool, Drone  
  16  1:23  Drone  
  17  1:31  Drone  
  18  1:37  Overlord  
  18  1:46  Drone  
  19  2:10  Queen  
  19  2:11  Queen  
  23  2:16  Zergling x6  
  23  2:22  Metabolic Boost  
  26  2:45  Roach Warren  
  24  3:07  Hatchery  
  23  3:31  Drone x6  
  29  3:34  Roach  
  31  3:54  Queen  
  33  4:02  Drone  
  31  4:24  Roach x5  
  33  4:27  Overlord  
  33  4:28  Overlord x2  
  41  4:43  Extractor  
  40  4:48  Extractor  
  40  4:49  Extractor  
  39  4:52  Zergling x2  
  39  4:53  Zergling x4  
  39  4:54  Zergling x2  
  39  4:55  Roach  
  39  4:56  Roach x2  
  48  5:10  Lair  
  48  5:20  Drone x3  
  51  5:25  Overlord  
  51  5:41  Drone x6  
  57  5:47  Overlord  
  57  6:11  Ravager  
  57  6:12  Ravager  
  57  6:13  Ravager x2  
  63  6:18  Roach  
  63  6:19  Roach x5, Zergling x2  
  68  6:36  Roach  
  68  6:37  Roach, Zergling x2  
  66  7:14  Drone x8  
  74  7:24  Hydralisk Den  
  74  7:25  Overlord x3  
  74  7:26  Overlord  
  73  7:43  Queen  
  75  8:00  Hydralisk x3  
  75  8:01  Hydralisk x5  
  91  8:22  Overseer  
  91  8:35  Spire  
  90  8:46  Drone x6  
  96  9:09  Evolution Chamber  
  95  9:13  Evolution Chamber, Drone x6  
  95  9:15  Muscular Augments  
  100  9:17  Glial Reconstitution  
  100  9:26  Extractor  
  100  9:28  Extractor  
  98  9:44  Hatchery  
  97  9:52  Hydralisk x4  
  99  9:57  Overlord x4  
  99  9:58  Overlord  
  104  10:10  Drone  
  105  10:15  Drone x7  
  112  10:29  Lurker Den  
  112  10:32  Zerg Ground Armor Level 1  
  112  10:34  Zerg Missile Weapons Level 1  
  112  10:57  Hydralisk x6  
  112  10:59  Roach  
  126  11:10  Drone x5  
  108  11:48  Ravager  
  57  12:01  Hydralisk  
  57  12:02  Hydralisk x14  
  57  12:04  Roach  
  70  12:23  Queen  
  66  12:51  Roach x11  
Show
View Real Time Build Order
Export as new Build Order

doodle Protoss - Winner!

Build Orders: 1 Gate Expand 

Get SALT Encoding   

  12  0:01  Probe (Chrono Boost)  
  13  0:11  Probe (Chrono Boost)  
  14  0:19  Pylon  
  14  0:24  Probe (Chrono Boost)  
  15  0:37  Probe (Chrono Boost)  
  15  0:39  Gateway  
  16  0:51  Probe (Chrono Boost)  
  16  0:55  Assimilator  
  17  0:58  Assimilator  
  17  1:02  Probe (Chrono Boost)  
  18  1:12  Probe (Chrono Boost)  
  19  1:23  Probe (Chrono Boost)  
  20  1:39  Probe (Chrono Boost)  
  21  1:42  Nexus  
  21  1:52  Cybernetics Core  
  21  1:56  Probe (Chrono Boost)  
  22  2:03  Pylon  
  22  2:16  Probe (Chrono Boost)  
  23  2:33  Robotics Facility  
  23  2:35  Mothership Core (Chrono Boost)  
  25  2:37  Adept  
  27  2:53  Pylon  
  27  2:56  Warp Gate  
  27  3:06  Probe x2 (Chrono Boost)  
  27  3:11  Stalker (Chrono Boost)  
  31  3:36  Gateway  
  31  3:37  Gateway  
  31  3:39  Gateway  
  31  3:42  Stalker (Chrono Boost)  
  33  3:52  Probe  
  33  3:53  Probe  
  35  3:59  Immortal  
  38  4:22  Stalker (Chrono Boost)  
  40  4:28  Adept (Chrono Boost)  
  40  4:29  Adept (Chrono Boost)  
  40  4:30  Probe x2  
  48  4:32  Stalker (Chrono Boost)  
  48  4:42  Warp Prism  
  50  5:03  Probe x2 (Chrono Boost)  
  50  5:05  Assimilator  
  52  5:09  Assimilator  
  52  5:13  Probe (Chrono Boost)  
  53  5:17  Pylon  
  53  5:20  Pylon  
  53  5:23  Forge  
  53  5:27  Pylon  
  53  5:31  Probe (Chrono Boost), Pylon  
  55  5:35  Probe (Chrono Boost)  
  55  5:47  Stalker x4  
  63  6:11  Adept x4  
  71  6:33  Stalker x2  
  71  6:34  Stalker x2  
  79  6:53  Immortal  
  77  7:07  Stalker x2  
  77  7:08  Stalker x2  
  83  7:09  Robotics Facility  
  83  7:11  Protoss Ground Weapons Level 1 (Chrono Boost)  
  83  7:18  Robotics Bay  
  83  7:27  Probe x2 (Chrono Boost)  
  85  7:38  Probe (Chrono Boost)  
  86  7:46  Pylon  
  86  7:50  Pylon  
  86  7:52  Pylon  
  86  8:03  Extended Thermal Lance  
  86  8:11  Disruptor  
  89  8:27  Nexus  
  89  8:28  Probe x2 (Chrono Boost)  
  91  8:39  Probe  
  92  8:48  Twilight Council  
  92  8:53  Assimilator  
  92  9:02  Zealot x4  
  100  9:09  Colossus (Chrono Boost)  
  106  9:26  Probe  
  106  9:27  Probe  
  108  9:39  Gateway  
  108  9:41  Gateway x2, Probe x2  
  108  9:42  Pylon  
  110  9:47  Protoss Ground Weapons Level 2 (Chrono Boost), Pylon  
  110  9:50  Pylon  
  110  9:59  Stalker x2  
  114  10:13  Adept x2  
  118  10:14  Colossus  
  118  10:26  Adept x2  
  128  10:42  Sentry  
  130  10:43  Sentry  
  130  10:47  Stalker  
  134  10:51  Assimilator  
  134  10:55  Pylon  
  134  10:56  Pylon  
  134  11:00  Pylon  
  134  11:02  Pylon  
  134  11:17  Observer  
  135  11:35  Observer  
  104  11:59  Adept x6  
Tags
 
Add a new tag
Caveats
  • Supply blocks, unpowered buildings, or Contaminate may cause inaccurate times.
  • Supply counts are checked every 10 seconds.